 Dungeon Crawl Stone Soup version 0.30.0-7-g0c4daa9e05 (webtiles) character file.

Game seed: 748822344005990925

612 Annannith the Covered (level 7, -1/62 HPs)
             Began as an Armataur Fighter on May 13, 2023.
             Was a Follower of Elyvilon.
             Slain by an orc warrior
             ... wielding a +0 dire flail
              (13 damage)
             ... on level 5 of the Dungeon.
             The game lasted 00:18:45 (4692 turns).

Annannith the Covered (Armataur Fighter)            Turns: 4692, Time: 00:18:46

Health: -1/62      AC: 10    Str: 23    XL:     7   Next: 20%
Magic:  7/7        EV:  7    Int:  9    God:    Elyvilon [*.....]
Gold:   273        SH:  4    Dex:  9    Spells: 6/6 levels left

rFire   . . .        a - +0 flail
rCold   . . .        c - +0 buckler
rNeg    . . .        b - +0 scale mail
rPois   .            n - +2 helmet {SInv}
rElec   .            (no cloak)
rCorr   .            (no gloves)
SInv    +            (no barding)
Will    +....        (no amulet) Stlth
                     o - ring of willpower
HPRegen 0.30/turn    (no ring)
MPRegen 0.10/turn

%: roll
@: no status effects
A: large, rugged brown scales 3, deformed body, armoured tail, roll, long
tongue, awkward tongue
a: Renounce Religion, Purification


You were on level 5 of the Dungeon.
You worshipped Elyvilon.
Elyvilon was aware of your devotion.
You visited 2 branches of the dungeon, and saw 6 of its levels.

You collected 273 gold pieces.

Inventory:

Hand Weapons
 a - a +0 flail (weapon)
 y - a +0 war axe
Armour
 b - a +0 scale mail (worn)
 c - a +0 buckler (worn)
 n - a +2 helmet of see invisible (worn)
 t - a +0 plate armour
 B - a +0 leather armour of fire resistance
Jewellery
 o - a ring of willpower (left hand)
 s - a ring of protection from fire
 x - a +4 ring of protection
Wands
 m - a wand of polymorph (1)
 A - a wand of digging (1)
Scrolls
 e - a scroll of blinking {unknown}
 f - a scroll of magic mapping {unknown}
 g - 2 scrolls of silence {unknown}
 h - 6 scrolls of identify
 i - 2 scrolls of teleportation
 k - a scroll of enchant armour {unknown}
 p - a scroll of enchant weapon {unknown}
 w - 3 scrolls of immolation {unknown}
Potions
 d - 2 potions of might
 j - 2 potions of heal wounds {unknown}
 l - a potion of attraction {unknown}
 q - 3 potions of mutation
 r - 2 potions of haste {unknown}
 u - 2 potions of lignification {unknown}
 v - a potion of invisibility {unknown}
 z - a potion of curing
 C - a potion of brilliance {unknown}


   Skills:
 + Level 3.8 Fighting
 + Level 5.0 Maces & Flails
 + Level 5.6 Armour
 + Level 0.7 Dodging
 + Level 0.6 Stealth
 + Level 4.3 Shields
 + Level 0.5 Unarmed Combat


You had 6 spell levels left.
You didn't know any spells.
Your spell library contained the following spells:

 Spells                   Type           Power      Damage    Failure   Level
 Necrotise                Necr           0%         1d4       75%         1
 Ensorcelled Hibernation  Hex/Ice        0%         N/A       87%         2
 Lesser Beckoning         Tloc           0%         N/A       87%         2
 Passwall                 Tmut/Erth      0%         N/A       87%         2
 Gell's Gravitas          Tloc           0%         N/A       98%         3
 Swiftness                Air            0%         N/A       98%         3
 Teleport Other           Tloc           0%         N/A       98%         3
 Vampiric Draining        Necr           0%         2d6       98%         3
 Agony                    Necr           0%         N/A       100%        5


Dungeon Overview and Level Annotations

Branches:
Dungeon (5/15)             Temple (1/1) D:5

Altars:
Ashenzari
Cheibriados
Dithmenos
Elyvilon
Gozag
Kikubaaqudgha
Makhleb
Okawaru
Qazlal
Ru
Sif Muna
Uskayaw
Vehumet
Xom
Yredelemnul
Zin

Annotations:
D:3 2 transporters, Zlot's ghost, amateur DsBr


Innate Abilities, Weirdness & Mutations

You are completely covered in rugged brown scales. (AC +3, +7% HP)
Armour fits poorly on your strangely shaped body.
You have a long armoured tail.
You roll when moving toward enemies. (Rampage)
Your long tongue fully drains potion bottles. (2x potion effects)
Your tongue gives you trouble enunciating. (1.5x scroll delay)


Message History

The orc warrior hits you with a +0 dire flail!
You closely miss the orc.
The orc is moderately wounded.
The orc hits you but does no damage. The orc warrior barely misses you.
You barely miss the orc.
The orc is moderately wounded.
The orc hits you but does no damage.
The orc warrior hits you with a +0 dire flail.
You closely miss the orc.
Your tail-slap misses the orc.
The orc is moderately wounded.
You block the orc's attack.
The orc warrior hits you with a +0 dire flail.
The orc hits you with a +0 trident.
The orc warrior hits you but does no damage.
You barely miss the orc.
The orc is moderately wounded.
The orc hits you with a +0 trident. The orc warrior closely misses you.
You closely miss the orc.
The orc is moderately wounded.
The orc hits you with a +0 trident.
The orc warrior hits you with a +0 dire flail.
You thump the orc!
You kill the orc!
You block the orc warrior's attack.
You hit the orc but do no damage. You block the orc warrior's attack.
The orc closely misses you.
You hit the orc but do no damage. The orc warrior closely misses you.
The orc hits you but does no damage.
The orc warrior hits you but does no damage.
The orc hits you with a +0 hand axe.
You closely miss the orc. You block the orc warrior's attack.
The orc hits you with a +0 hand axe.
You hit the orc but do no damage. The orc hits you but does no damage.
The orc warrior hits you with a +0 dire flail!
* * * LOW HITPOINT WARNING * * *
You closely miss the orc. The orc hits you but does no damage.
You block the orc warrior's attack.
You hit the orc but do no damage.
The orc warrior hits you with a +0 dire flail!
You die...

#.##............#
#.####.......##.#
#.# #.......##.#
#.# ##.......##.#
##)###............
#........#######.#
#.........## #.#
#o####.....## ##.#
#@###.......###...
#o##.........##.#.
#.##............#.
#.##.#.....#..####
#.##.##...###...#.
#.#...##.######.#.
#.#....#..(.......
#.#....#########.#
#.####.# ##....#


You could see an orc warrior and an orc.

Vanquished Creatures
  2 ice beasts (D:5)
  A scorpion (D:5)
  A hound (D:5)
  2 orc priests (D:5)
  3 orc wizards (D:5)
  Robin (D:2)
  4 gnolls (D:4)
  4 adders
  2 worms (D:2)
  2 dart slugs
  9 orcs
  5 bats
  8 endoplasms
  5 giant cockroaches
  15 goblins
  7 hobgoblins
  6 jackals
  6 quokkas
  3 ball pythons
  3 frilled lizards
  9 kobolds
  11 rats
109 creatures vanquished.

Notes
Turn   | Place    | Note
-------+----------+-------------------------------------------
     0 | D:1      | Annannith the Armataur Fighter began the quest for the Orb.
     0 | D:1      | Reached XP level 1. HP: 19/19 MP: 1/1
   212 | D:1      | Reached XP level 2. HP: 26/26 MP: 2/2
   670 | D:1      | Reached XP level 3. HP: 30/33 MP: 3/3
   935 | D:2      | Noticed Robin
   962 | D:2      | Killed Robin
  1069 | D:2      | Reached XP level 4. HP: 37/40 MP: 4/4
  1842 | D:3      | Found a transporter.
  1842 | D:3      | Noticed Zlot's ghost (amateur DsBr)
  1985 | D:3      | Found a transporter.
  2323 | D:3      | Found a white marble altar of Elyvilon.
  2427 | D:3      | Became a worshipper of Elyvilon the Healer
  2733 | D:4      | Reached XP level 5. HP: 48/48 MP: 5/5
  3329 | D:4      | Found an opulent altar of Gozag.
  3341 | D:4      | Reached * piety under Elyvilon
  3575 | D:4      | Found a glowing silver altar of Zin.
  3794 | D:5      | Entered Level 5 of the Dungeon
  3794 | D:5      | Noticed an ice beast
  3808 | D:5      | Killed an ice beast
  3809 | D:5      | Reached skill level 5 in Armour
  3809 | D:5      | Reached XP level 6. HP: 45/54 MP: 6/6
  3849 | D:5      | Noticed an ice beast
  3867 | D:5      | HP: 2/55 [ice beast (4)]
  3867 | D:5      | Elyvilon protects you from harm!
  3868 | D:5      | Killed an ice beast
  3876 | D:5      | Found a staircase to the Ecumenical Temple.
  3882 | Temple   | Entered the Ecumenical Temple
  4475 | D:5      | Reached XP level 7. HP: 61/62 MP: 7/7
  4673 | D:5      | Reached skill level 5 in Maces & Flails
  4692 | D:5      | Slain by an orc warrior

Illustrated notes

Levels and vault maps discovered:
D:1:      dpeg_arrival_arbitrary_b, layout_basic
D:2:      layout_loops_corners, uniq_robin
D:3:      layout_loops_cross, nicolae_elyvilon_temple_path,
          gammafunk_ghost_stat_death
D:4:      layout_loops_corners, pdpol_temple_overflow_zin_treasury_gozag_greed
D:5:      layout_loops_ring, minmay_temple_entry_fiery
Temple:   oiseaux_autumnal_temple

Skill      XL: |  1  2  3  4  5  6  7 |
---------------+----------------------+-----
Fighting       | 3 |  3.8
Maces & Flails | 2 3 4 5 |  5.0
Armour         | 4 5 |  5.6
Shields        | 4 |  4.3
Dodging        | |  0.7
Stealth        | |  0.6
Unarmed Combat | |  0.5

Action                     |  1- 3 |  4- 6 |  7- 9 || total
---------------------------+-------+-------+-------++-------
  Melee: Flail             |   102 |   226 |    45 ||   373
         Tailslap          |    17 |    25 |     4 ||    46
         Unarmed           |    21 |       |       ||    21
    Use: Scroll            |       |     2 |       ||     2
 Armour: Scale mail        |    56 |   120 |    17 ||   193
         Skin              |    13 |       |       ||    13
  Dodge: Dodged            |    90 |    78 |    17 ||   185
  Block: Buckler           |    20 |    53 |     9 ||    82
